[Event "European Women-ch 2023"]
[Site "Petrovac"]
[Date "2023.03.19"]
[Round "2.11"]
[White "Ivekovic, Tihana"]
[Black "Manova, Ivana"]
[Result "1/2-1/2"]
[ECO "D26"]
[WhiteElo "2132"]
[BlackElo "1923"]
[Annotator "TA"]
[PlyCount "82"]
[EventDate "2023.03.15"]
[EventType "swiss"]
[EventCountry "MNE"]
[SourceTitle "playchess.com"]
[Source "ChessBase"]
[SourceQuality "1"]
[TimeControl "40/5400+30:1800+30"]

1. d4 d5 2. c4 dxc4 3. Nf3 Nf6 4. e3 e6 5. Bxc4 a6 6. O-O b5 7. Be2 $1 {[%emt 0:00:06][%mdl 4] now scores much better than the old 7.Bd3.} Bb7 {[%emt 0:02:08] D26: Queen's Gambit Accepted: 4 e3 e6 5 Bxc5 c5 sidelines.} 8. a4 b4 9. b3 Nbd7 10. Bb2 Be7 11. Nbd2 O-O 12. Nc4 a5 13. Rc1 c5 14. Nfe5 cxd4 15. Bxd4 Nxe5 16. Bxe5 Nd5 17. Bf3 $1 Bf6 18. Qd4 $1 {[%emt 0:03:24] [#]} Ra6 $146 ({Predecessor:} 18... Bxe5 19. Qxe5 Ra7 20. Rfd1 Qb8 21. Qxb8 Rxb8 22. Nd6 Ba8 23. Nb5 Rd7 24. Rc5 Kf8 {1-0 Postny,E (2563)-Rustemov,A (2525) Chess.com Rapid Wk14 Swiss 2022 (1)}) 19. Bxf6 Qxf6 20. Qxf6 gxf6 21. Rfd1 Ba8 22. Kf1 Rc8 {[%emt 0:09:27] [#]} (22... Kg7 $11 {remains equal.}) 23. Rd4 (23. Nd6 $1 $16 Rxc1 24. Rxc1) 23... f5 24. Rcd1 Kg7 25. R1d2 Kf6 26. Be2 Ra7 27. f3 Nc3 28. Rd7 {[%emt 0:08:36] Against Bd5} Rxd7 29. Rxd7 Bc6 30. Rd4 Bd5 31. Nxa5 {[%emt 0:01:43][%mdl 64] Discovered Attack} Nxe2 (31... Rc5 $1 $14) 32. Kxe2 $14 {[%emt 0:00:04][%mdl 4096] Endgame KRB-KRN} Rc2+ {[%emt 0:00:04] [#]} 33. Rd2 (33. Kd3 $1 $16 Rc5 34. Nc4) 33... Rc5 $11 {[%emt 0:00:40] The position is equal.} 34. Nc4 Bxc4+ 35. bxc4 Rxc4 {[%emt 0:00:07] KR-KR} 36. Rb2 b3 37. Rxb3 {[%emt 0:00:05] And now Ra3 would win.} Rxa4 38. f4 Kg6 39. Kf3 Rc4 40. Rb8 Kg7 41. h3 h5 {[%emt 0:06:13] Weighted Error Value: White=0.11 (very precise) /Black=0.13 (very precise)} 1/2-1/2

[Event "European Women-ch 2023"]
[Site "Petrovac"]
[Date "2023.03.19"]
[Round "2.12"]
[White "Zhapova, Yana"]
[Black "Beydullayeva, Govhar"]
[Result "0-1"]
[ECO "B80"]
[WhiteElo "2269"]
[BlackElo "2388"]
[Annotator "TA"]
[PlyCount "74"]
[EventDate "2023.03.15"]
[EventType "swiss"]
[EventCountry "MNE"]
[SourceTitle "playchess.com"]
[Source "ChessBase"]
[SourceQuality "1"]
[TimeControl "40/5400+30:1800+30"]

1. e4 c5 2. Nf3 d6 3. d4 cxd4 4. Nxd4 Nf6 5. Nc3 a6 6. g3 e6 7. Bg2 Be7 8. O-O O-O 9. Be3 Qc7 10. Qe2 Nc6 11. Nb3 {[%emt 0:05:14] B80: Sicilian Scheveningen: 6 g3 and 6 Be3, including English Attack.} Ne5 12. Rad1 {[%emt 0:01:42] [#]} Nc4 $146 ({Predecessor:} 12... b5 13. a3 Bb7 14. f4 {½-½ Sergeev,R (1869)-Morgunova,E (1698) Ivanovo Ovechkin Memorial 33rd 2011 (8)}) 13. Bc1 {[%emt 0:01:43] The position is equal.} Rb8 14. g4 h6 15. f4 Nh7 16. Rd3 b5 17. Qe1 {[%emt 0:13:12] White is now going downhill.} (17. Nd4 $11 {remains equal.}) 17... b4 $1 $17 18. Ne2 {[%emt 0:00:54] [#]} e5 {[%emt 0:02:19] Prevents Nbd4.} 19. h3 {[%emt 0:01:31] [#]} a5 $1 20. Qg3 (20. Na1 {was necessary.}) 20... Ba6 $19 21. Re1 a4 22. Nd2 $2 (22. Na1) 22... Nb6 $2 (22... Nxb2 23. Re3 (23. Bxb2 $2 {loses.} Qxc2 24. Rd5 Qxb2 $19) 23... Qxc2 24. Bxb2 Qxb2) 23. Nf3 Bxd3 24. cxd3 Nd7 25. d4 Rbe8 26. Kh1 (26. Qf2 $17 {was called for.}) 26... Bd8 27. Bd2 Ndf6 28. Nc1 $2 (28. Nxe5 dxe5 29. fxe5) 28... Qc2 29. Re2 Nxe4 30. Qe1 Nxd2 31. Rxd2 Qc4 32. dxe5 dxe5 ({Worse is} 32... Qxf4 33. Rd4 $11) 33. fxe5 Ng5 {[%emt 0:00:39] ...Nxf3 would be deadly. Black is clearly winning.} 34. Ng1 Bc7 35. Re2 {[%emt 0:00:15] [#]} (35. Qf1 $142 Qxf1 36. Bxf1) 35... Rxe5 $1 {[%emt 0:00:48][%mdl 576] Deflection} 36. Rxe5 Bxe5 37. Qxe5 Qxc1 {[%emt 0:00:00] Weighted Error Value: White=0.61/Black=0.22 (precise)} 0-1

[Event "European Women-ch 2023"]
[Site "Petrovac"]
[Date "2023.03.19"]
[Round "2.12"]
[White "Shuqja, Klean"]
[Black "Kejzar, Petra"]
[Result "1-0"]
[ECO "B20"]
[WhiteElo "1884"]
[BlackElo "2128"]
[Annotator "TA"]
[PlyCount "113"]
[EventDate "2023.03.15"]
[EventType "swiss"]
[EventCountry "MNE"]
[SourceTitle "playchess.com"]
[Source "ChessBase"]
[SourceQuality "1"]
[TimeControl "40/5400+30:1800+30"]

1. e4 c5 2. b3 Nc6 3. Bb2 e5 4. Bb5 Bd6 {[%emt 0:04:38] [#]} 5. f4 $146 ({Predecessor:} 5. Ne2 Bc7 6. O-O Nge7 7. d3 O-O 8. f4 d5 9. f5 f6 10. Ng3 dxe4 11. dxe4 Nd4 12. Bc4+ Kh8 13. c3 b5 14. Bd5 Ndc6 {½-½ Batista,E-Brandao,E (2090) Barrinha Calil Memorial-A 2009 (6)}) 5... Nge7 (5... exf4 $2 6. Bxc6 (6. Bxg7 Be5 $16) 6... Nf6 7. Bb5 $18) (5... Nd4 $11 6. Na3 a6) 6. Qf3 {[%emt 0:15:59] B20: Sicilian: Unusual White 2nd moves.} (6. Qh5 $14) 6... Nd4 $15 7. Bxd4 exd4 8. Ne2 {[%emt 0:04:00] Black has an edge.} O-O 9. O-O Bc7 10. Bc4 Rb8 11. a4 a6 12. Na3 Ba5 (12... b6 $11) 13. c3 $14 dxc3 14. dxc3 d6 15. Rad1 {[%emt 0:03:58] White is more active.} Qc7 (15... Ng6 $14) 16. f5 $18 b5 17. axb5 d5 18. exd5 ({But not} 18. Bxd5 Nxd5 19. Rxd5 (19. exd5 axb5 20. c4 Re8 $16) 19... f6) 18... Nxf5 19. bxa6 Nd6 {[%emt 0:06:34] Inhibits Nb5.} 20. Qd3 Bg4 (20... Qa7 $16) 21. Nb5 Nxb5 22. Bxb5 Bxe2 23. Qxe2 {[%emt 0:00:27] Hoping for d6.} Bxc3 {[%emt 0:00:19] Black is weak on the light squares} 24. Kh1 (24. d6 $142 Qb6 25. Bc4 Bd4+ 26. Kh1) 24... Rb6 $2 (24... Qb6) 25. Bc4 (25. d6 $142 Rxd6 26. Rxd6 Qxd6 27. Qf3) 25... Bf6 $2 (25... Rd6 26. g3 f6) 26. Rd3 (26. d6 $142 Rxd6 27. Rxd6 Qxd6 28. Qe4) 26... Qd6 (26... Rd6 {was necessary.} 27. Rdf3 h6) 27. Re3 {[%emt 0:02:07] a7 is the strong threat.} Rbb8 28. Re1 h6 (28... Rbc8 $142 29. Re4 g6) 29. Qf3 Ra8 30. Qg3 Qd8 31. Qg4 Bg5 32. R3e2 Qd6 33. Qf5 Qf6 $2 (33... Bf6 {was worth a try.} 34. Re4 g6) 34. Qxf6 Bxf6 35. g3 Rfd8 36. Kg2 {[%emt 0:00:18] Black must now prevent Bb5.} Kf8 $2 (36... Kh7 37. Rb1 Kg8) 37. Kf3 (37. Bb5 $142 c4 38. Bc6) 37... g6 $2 (37... Bc3 {is more resistant.} 38. Rc1 Bf6) 38. Bb5 {[%emt 0:01:13][%cal Oe2e8] Re8+! would be deadly.} Bd4 {[%emt 0:02:41] [#]} 39. Re8+ $1 Rxe8 40. Rxe8+ Rxe8 41. Bxe8 {[%emt 0:00:07][%mdl 4096] Endgame KB-KB} c4 {[%emt 0:00:23] [#]} 42. Ba4 $2 (42. bxc4 $1 $18 {and the rest is easy.} Kxe8 43. Ke4) 42... cxb3 43. Bxb3 {[%emt 0:00:02] Strongly threatening Ke4.} Ke7 {[%emt 0:11:09] [#]} 44. d6+ $1 {[%emt 0:01:01][%mdl 576] Deflection} Kxd6 45. Bxf7 Ke5 $2 (45... g5 $16) 46. Bxg6 Ba7 47. Kg4 Kf6 48. Kh5 Kg7 49. Bd3 Bb8 50. g4 Ba7 51. h4 Be3 52. g5 hxg5 53. hxg5 {[%emt 0:00:02] White mates.} Ba7 54. g6 Bd4 55. Kg5 Kf8 56. Kf5 Ke7 57. Ke4 {[%emt 0:01:07] Weighted Error Value: White=0.57/Black=0.60} 1-0

[Event "European Women-ch 2023"]
[Site "Petrovac"]
[Date "2023.03.19"]
[Round "2.12"]
[White "Maras, Marija Mia"]
[Black "Klek, Hanna Marie"]
[Result "0-1"]
[ECO "A25"]
[WhiteElo "1051"]
[BlackElo "2314"]
[Annotator "TA"]
[PlyCount "62"]
[EventDate "2023.03.15"]
[EventType "swiss"]
[EventCountry "MNE"]
[SourceTitle "playchess.com"]
[Source "ChessBase"]
[SourceQuality "1"]
[TimeControl "40/5400+30:1800+30"]

1. c4 e5 2. Nc3 Nc6 3. g3 Bc5 4. Ne4 Be7 5. Bg2 f5 6. Nc3 {[%emt 0:00:26] A25: English Opening vs King's Indian with ...Nc6 but without early d3.} Nf6 {[%emt 0:00:13] [#]} 7. e3 $146 ({Predecessor:} 7. d3 Bc5 8. Na4 Bb4+ 9. Bd2 Qe7 10. a3 Bxd2+ 11. Qxd2 Nd4 12. Qd1 c6 13. e3 Ne6 14. Nc3 Nc7 15. Nge2 O-O {1-0 Thomasson,S (1921)-Seepe,U (1662) Vellmar op 9th 2017 (5)}) 7... d6 (7... d5 $5) 8. Nge2 {[%emt 0:00:16] The position is equal.} O-O 9. Nd5 a5 10. d3 Be6 11. e4 fxe4 12. dxe4 Bg4 13. Be3 {[%emt 0:05:27] Repels Nd4} Kh8 14. O-O Qd7 15. Re1 (15. f3 $16 {Hoping for Nxf6.} Be6 16. Nec3) 15... Rf7 16. Qd2 Raf8 17. f4 (17. f3 $14 Bh3 18. Rad1 (18. Bxh3 Qxh3 19. Nxc7 Nh5 $15)) 17... exf4 (17... Bh3 $5 ) 18. Nexf4 Ne5 19. Rf1 {[%emt 0:00:44] Wards off Nf3+} (19. Bd4 $11 {keeps the balance.}) 19... Nxc4 $17 20. Qc3 Nxd5 21. Nxd5 {[%emt 0:01:42] [#] Rxf7 is the strong threat.} Nxe3 (21... Rxf1+ $142 22. Rxf1 Rxf1+ 23. Bxf1 Nxe3 24. Nxe7 Qxe7 25. Qxe3 h6) 22. Qxe3 ({White should try} 22. Rxf7 Rxf7 23. Nxe3) 22... Bd8 23. Rxf7 Rxf7 24. Rf1 c6 25. Rxf7 (25. Nf4 $17) 25... Qxf7 $19 26. Nf4 (26. Nc3 {keeps fighting.}) 26... Bf6 (26... Qxa2 $142 27. h3 Qxb2) 27. b3 {[%emt 0:01:40] [#]} a4 $1 28. h3 (28. Bh3 Bxh3) 28... axb3 29. axb3 Bd1 {[%emt 0:02:10] This pair of bishops is nice.} 30. b4 (30. Qa7 $17) 30... Qc4 {[%emt 0:02:26][%cal Of6d4] Threatens to win with ...Bd4!} 31. Qa7 (31. Qa3) 31... Bd4+ {[%emt 0:00:08] Weighted Error Value: White=0.57/Black=0.21 (precise)} (31... Qxb4 $2 {gets mated.} 32. Qb8+) 0-1

[Event "European Women-ch 2023"]
[Site "Petrovac"]
[Date "2023.03.19"]
[Round "2.13"]
[White "Garcia Martin, Marta"]
[Black "Kobak, Polina"]
[Result "1-0"]
[ECO "B30"]
[WhiteElo "2306"]
[BlackElo "1815"]
[Annotator "TA"]
[PlyCount "83"]
[EventDate "2023.03.15"]
[EventType "swiss"]
[EventCountry "MNE"]
[SourceTitle "playchess.com"]
[Source "ChessBase"]
[SourceQuality "1"]
[TimeControl "40/5400+30:1800+30"]

1. e4 c5 2. Nf3 Nc6 3. Bb5 e6 4. Bxc6 bxc6 5. d3 Ne7 6. Qe2 d6 {[%emt 0:00:20] B30: Sicilian: 2...Nc6 3 Bb5, lines without ...g6.} 7. O-O e5 8. c3 Ng6 {[%emt 0:01:19] The position is equal.} 9. d4 cxd4 10. cxd4 Be7 11. dxe5 dxe5 12. Be3 O-O 13. Qc2 Ba6 14. Rd1 Qa5 15. Nbd2 {[%emt 0:07:48][%cal Bb1d2,Bd2b3,Bb3a5,Ba5c4,Bc4b6,Bb6d5][%mdl 32] [#]} Be2 $146 {[%emt 0:28:13] This pair of bishops is nice.} ({Predecessor:} 15... Rfd8 16. Nb3 Qa4 17. g3 Bb5 18. Ne1 Qc4 19. Qxc4 Bxc4 20. Nd2 Be6 21. Rdc1 Bb4 {1-0 Krantz,C (2233)-Karlsson,U (1978) Malmo op 2013 (2)}) 16. Rdc1 Rab8 17. Nb3 Qa6 18. Qxc6 Qxc6 19. Rxc6 a5 20. Nxa5 Rxb2 21. Nc4 Rb4 22. Nfd2 {[%emt 0:04:42] aiming for a4. White is more active.} ({Much worse is} 22. Ncxe5 Nxe5 23. Nxe5 Rxe4 $11) 22... Ra8 23. Nb6 {[%emt 0:05:50] Prevents Rba4} Rd8 ({Better is} 23... Ra6) 24. a4 {[%emt 0:02:53][%cal Ba2a4,Ba4a5][%mdl 32] Strongly threatening Nd5.} h6 (24... Rd6 $16 {was worth a try.} 25. Rac1 Rxc6 26. Rxc6 f6 27. Rc8+ Kf7) 25. Nd5 $18 Rb7 26. Bb6 (26. a5 $142) 26... Ra8 {[%emt 0:01:39] [#]} 27. a5 $1 Bd8 28. Nb3 (28. Bxd8 $18 {has better winning chances.} Rxd8 29. a6) 28... Ne7 $16 29. Nxe7+ Bxe7 30. Rac1 Kh7 31. h3 Bd8 $2 {[%emt 0:00:26] [#] This costs Black the game.} (31... Bb4 $16 {might work better.}) 32. Nc5 $18 Re7 33. Bxd8 Rxd8 34. a6 {[%emt 0:00:12] Rb1 is the strong threat.} Ra7 (34... Rb8 $142 35. Re1 Rb2) 35. Rb1 Rda8 36. Rb7 Kg8 37. Rcc7 Rxa6 38. Nxa6 ({Less strong is} 38. Rxf7 Rg6 39. Rbe7 Rc8 $18) 38... Bxa6 39. Ra7 Rxa7 {[%emt 0:00:04] White has a decisive advantage.} 40. Rxa7 Bc4 41. h4 f6 42. f3 {[%emt 0:02:29] Weighted Error Value: White=0.17 (very precise) /Black=0.23 (precise)} 1-0

[Event "European Women-ch 2023"]
[Site "Petrovac"]
[Date "2023.03.19"]
[Round "2.13"]
[White "Radeva, Viktoria"]
[Black "Mkrtchian, Lilit"]
[Result "1/2-1/2"]
[ECO "B11"]
[WhiteElo "2247"]
[BlackElo "2379"]
[Annotator "TA"]
[PlyCount "34"]
[EventDate "2023.03.15"]
[EventType "swiss"]
[EventCountry "MNE"]
[SourceTitle "playchess.com"]
[Source "ChessBase"]
[SourceQuality "1"]
[TimeControl "40/5400+30:1800+30"]

1. e4 c6 2. Nc3 d5 3. Nf3 Bg4 4. h3 Bxf3 5. Qxf3 e6 6. Be2 d4 {[%emt 0:00:53] B11: Caro-Kann: Two Knights Variation.} 7. Nb1 Bd6 8. d3 (8. Qb3 $14 {feels stronger.}) 8... Ne7 {[%emt 0:00:58] [#]} 9. g3 $146 ({Predecessor:} 9. Nd2 Bc7 10. Nb3 Ng6 11. c3 h5 12. g3 Ne5 13. Qg2 dxc3 14. d4 cxb2 15. Bxb2 {1-0 Preotu,R (2445)-Idani,P (2641) Olympiad-44 Chennai 2022 (4.3)}) 9... c5 10. O-O Nbc6 11. Qg2 O-O 12. f4 f5 13. Nd2 Qd7 14. Bf3 Bc7 15. Nc4 b5 {[%emt 0:01:23] [#] Strongly threatening ...fxe4.} 16. Na3 a6 17. exf5 Rxf5 {[%emt 0:07:06] Not much happened in this game.   Weighted Error Value: White=0.10 (very precise) /Black=0.11 (very precise)} 1/2-1/2

[Event "European Women-ch 2023"]
[Site "Petrovac"]
[Date "2023.03.19"]
[Round "2.13"]
[White "Hrescak, Ivana"]
[Black "Petrovska, Katerina"]
[Result "1/2-1/2"]
[ECO "D31"]
[WhiteElo "2127"]
[BlackElo "1907"]
[Annotator "TA"]
[PlyCount "98"]
[EventDate "2023.03.15"]
[EventType "swiss"]
[EventCountry "MNE"]
[SourceTitle "playchess.com"]
[Source "ChessBase"]
[SourceQuality "1"]
[TimeControl "40/5400+30:1800+30"]

1. d4 d5 2. c4 e6 3. Nc3 h6 4. Bf4 Bd6 5. Bxd6 Qxd6 6. cxd5 {[%emt 0:01:35] D31: Queen's Gambit Declined: Semi-Slav without ...Nf6 (+ Marshall Gambit and Noteboom) and Exchange Variation lines without ...Nf6.} exd5 7. Nf3 Nf6 8. Qc2 {[%emt 0:01:38] White has an edge.} Nc6 9. a3 a6 10. e3 Bg4 11. Bd3 O-O {[%emt 0:25:20] [#]} 12. Ne2 $146 ({Predecessor:} 12. Nd2 Nd8 13. Nb3 b6 14. f3 Be6 15. Ne2 Nb7 16. Rc1 Rfc8 17. Qc6 Qxc6 18. Rxc6 {½-½ Vaganian,R (2548)-Bosiocic,M (2597) Tsaghkadzor op 2017 (4)}) 12... a5 13. h3 Bd7 (13... Bxf3 $11 14. gxf3 Nd8) 14. Ng3 Ne7 15. O-O Rfc8 16. Qc5 b6 17. Qxd6 cxd6 18. Nd2 Rc7 19. f3 Rac8 20. Rfe1 h5 21. e4 h4 22. e5 (22. Ne2 $11) 22... dxe5 23. dxe5 Nh7 24. Ne2 Bf5 $36 {[%emt 0:01:25][%mdl 2048] Black has good play.} 25. Nf4 (25. Bb1 $15) 25... Bxd3 $17 26. Nxd3 Rc2 27. Nf1 Nf8 28. Rad1 Nf5 29. Ne3 Nxe3 30. Rxe3 Ne6 31. f4 {[%emt 0:10:05] [#]} g6 32. f5 gxf5 33. g3 $2 (33. Rf3 $17) 33... hxg3 $2 (33... d4 34. Ree1 Ng5 35. gxh4 Nf3+ 36. Kf1 Nh2+ 37. Kg1 Kh7) 34. Rxg3+ $19 Kf8 35. Rf1 {[%emt 0:01:28] [#]} f4 36. Rg4 $17 Rd2 (36... R8c4 $17 37. Rf2 Rxf2 38. Kxf2 Re4) 37. Nxf4 $15 Nxf4 38. Rgxf4 {[%emt 0:00:04][%mdl 4096] Endgame KRR-KRR. The position is equal.} Rc7 39. e6 Rxb2 40. Rxf7+ Rxf7 41. Rxf7+ $11 {[%emt 0:04:50] KR-KR} Ke8 42. Rd7 Rb3 43. Rxd5 Rxh3 44. Rb5 Rxa3 45. Rxb6 Ke7 46. Ra6 Ra1+ 47. Kf2 a4 48. Ke2 a3 {[%emt 0:00:29] ( -> ...a2)} 49. Kd2 a2 {[%emt 0:00:44] Weighted Error Value: White=0.26 (precise) /Black=0.19 (very precise)} 1/2-1/2

[Event "European Women-ch 2023"]
[Site "Petrovac"]
[Date "2023.03.19"]
[Round "2.14"]
[White "Garifullina, Leya"]
[Black "Eric, Jovana"]
[Result "1-0"]
[ECO "C18"]
[WhiteElo "2372"]
[BlackElo "2230"]
[Annotator "TA"]
[PlyCount "101"]
[EventDate "2023.03.15"]
[EventType "swiss"]
[EventCountry "MNE"]
[SourceTitle "playchess.com"]
[Source "ChessBase"]
[SourceQuality "1"]
[TimeControl "40/5400+30:1800+30"]

1. e4 e6 2. d4 d5 3. Nc3 Bb4 4. e5 c5 5. a3 Bxc3+ 6. bxc3 Ne7 7. Qg4 Qc7 8. Qxg7 Rg8 9. Qxh7 cxd4 10. Ne2 Nbc6 11. f4 dxc3 12. Qd3 Bd7 13. Nxc3 a6 14. Bb2 {[%emt 0:09:02] 14.Ne2 is becoming the main line. C18: French: 3 Nc3 Bb4: Main line: 7 h4 and 7 Qg4.} Na5 {[%emt 0:07:23][%mdl 1024] Black has compensation.} 15. Qd2 Nf5 16. Qf2 {[%emt 0:09:10] [#]} ({White should try} 16. Bd3 $15) 16... Bc6 $146 (16... O-O-O $1 $17 {Threatens to win with ...d4.} 17. g4 Rxg4) ({Predecessor:} 16... O-O-O 17. O-O-O d4 18. Ne4 Ba4 19. Kb1 Ne3 20. Rd2 Nac4 21. Bxc4 Rxg2 22. Qxg2 Nxg2 23. Bxe6+ fxe6 24. Rxg2 Bc6 25. Re2 Qh7 26. Nf6 Qf5 27. Rg1 d3 {0-1 Schweizer,G-Koltsov,V ICCF-Cup6/7 sf15 corr 1990}) 17. Bd3 (17. Rg1 $11 {keeps the balance.}) 17... O-O-O ({Better is} 17... d4 $1 $17 18. Ne4 O-O-O) 18. Rg1 $11 d4 19. Nd1 Qb6 {[%emt 0:03:55] Strongly threatening ...Ne3.} 20. Bc1 {[%emt 0:03:14] Dodges Ne3} Rh8 21. g4 Nh4 {[%emt 0:00:09] White must now prevent ...Nf3+.} 22. Rg3 {[%emt 0:00:12] Prevents Nf3+.} Qc5 23. Bd2 Qd5 24. h3 Nc4 $36 {[%emt 0:03:53][%mdl 2048] Black fights for an advantage.} 25. Bb4 $1 Ne3 26. Ke2 (26. Nxe3 $2 dxe3 27. Qxe3 Qh1+ 28. Rg1 Nf3+ 29. Ke2 Qh2+ 30. Qf2 Nxg1+ 31. Rxg1 Rxh3 32. Qxh2 Rxh2+ 33. Ke3 Rh3+ 34. Kf2 Rf3+ 35. Ke2 Rxf4 $19) 26... Nhg2 (26... Nc4 $5 ) 27. Bd2 {[%emt 0:05:06] [#]} (27. Nxe3 $11 dxe3 28. Qxg2 Qxg2+ 29. Rxg2 Bxg2 30. Rg1) 27... Nxc2 $1 $17 {[%emt 0:02:27][%mdl 64] Deflection} 28. Rc1 Nce3 {[%emt 0:02:03] ...Kb8 is the strong threat.} (28... Nxa3 $2 29. Qxg2 (29. Rxg2 Rxh3 30. Rg3 Rdh8 $11) 29... Qxg2+ 30. Rxg2 $18) 29. Qf3 Kb8 30. Rxc6 bxc6 $19 31. Nb2 $2 (31. Nxe3 {was necessary.} Qxf3+ 32. Rxf3 dxe3 33. Bb4) 31... Qxf3+ $2 (31... Qa2 $19 {has better winning chances.} 32. Bc1 Kc7 33. Rxg2 Rb8) 32. Kxf3 $17 Nh4+ 33. Ke4 $1 {[%emt 0:00:36] [#]} Nef5 34. Rg1 $11 Nd6+ 35. exd6 {[%emt 0:00:06] aiming for f5.} f5+ 36. Ke5 Nf3+ {[%emt 0:00:11][%mdl 64] Discovered Attack, Double Attack} 37. Kxe6 {[%emt 0:00:15] Rd1 would be deadly.} Nxg1 38. Nc4 Nf3 {[%emt 0:02:07] [#]} ({Much less strong is} 38... Rxh3 39. Bxf5 Ne2 40. Ne5 Rh6+ 41. Ke7 Rdxd6 42. g5 $16) (38... fxg4 $11 {remains equal.} 39. hxg4 Rhe8+ 40. Kf7 Rh8) 39. Ba5 $1 $16 Rde8+ {[%emt 0:00:08] [#]} 40. Kd7 $1 {[%emt 0:00:00] Some like it hot} Ka7 $2 ({Of course not} 40... fxg4 41. Bc7+ Kb7 42. hxg4 $11) (40... Kb7 $16 {is tougher.}) 41. Bxf5 (41. Kxc6 $142 Rc8+ 42. Bc7) 41... Re2 $2 (41... Kb7 42. Bc7 Nh4) 42. Kc7 $18 {[%emt 0:07:32] White wants to mate with Bb6+. White is clearly winning.} Rb8 43. d7 {[%emt 0:01:34] Bb6+ would kill now.} Re7 44. Bb4 {[%emt 0:04:29] A strong pair of Bishops.} Rxd7+ 45. Kxd7 a5 46. Nxa5 Kb6 47. Nxc6 Rh8 48. Ne5 Rxh3 49. g5 Nxe5+ 50. fxe5 Rf3 {[%emt 0:00:41] [#]} 51. e6 $1 {[%emt 0:00:46] What a bad dream for Black. A cool game by Garifullina.   Weighted Error Value: White=0.44/Black=0.62} 1-0

[Event "European Women-ch 2023"]
[Site "Petrovac"]
[Date "2023.03.19"]
[Round "2.14"]
[White "Shpanko, Nadiia"]
[Black "Khotenashvili, Bela"]
[Result "0-1"]
[ECO "B07"]
[WhiteElo "2164"]
[BlackElo "2491"]
[Annotator "TA"]
[PlyCount "74"]
[EventDate "2023.03.15"]
[EventType "swiss"]
[EventCountry "MNE"]
[SourceTitle "playchess.com"]
[Source "ChessBase"]
[SourceQuality "1"]
[TimeControl "40/5400+30:1800+30"]

1. e4 g6 2. d4 Bg7 3. Nc3 d6 4. Be3 c6 5. Qd2 b5 6. f3 Nf6 7. Nge2 Nbd7 8. Bh6 Bxh6 9. Qxh6 Qa5 {[%emt 0:00:16] B07: Pirc Defence: Miscellaneous Systems.} 10. h4 b4 11. Nd1 {[%emt 0:00:27] [#]} Nb6 $146 {[%emt 0:05:43] The position is equal.} ({Predecessor:} 11... Ba6 12. Qd2 Qb6 13. a3 bxa3 14. Rxa3 c5 15. d5 h5 16. Nec3 Bxf1 17. Rxf1 Ne5 {1-0 Jumabayev,R (2654)-Shahinyan,D (2456) PNWCC Online blitz JP 9th 2020 (10)}) 12. g4 Ba6 13. Nc1 Bxf1 14. Rxf1 Nc4 15. Nb3 (15. Kf2 $142) 15... Qb6 $11 16. Rb1 a5 17. Ne3 Qb5 18. Nxc4 Qxc4 19. Qd2 a4 20. Nc1 h5 21. g5 Nd7 $36 {[%emt 0:00:01][%mdl 2048] Black is more active.} 22. b3 axb3 23. axb3 Qb5 24. Nd3 Rb8 25. f4 e6 26. Qh2 ({White should play} 26. f5 $14 exf5 27. exf5) 26... O-O (26... Qb6 $15 27. Qf2 c5) 27. Kd2 (27. f5 $1 $11 {keeps the balance.} exf5 28. exf5) 27... d5 $17 28. e5 (28. exd5 $17 {keeps fighting.} Qxd5 29. Qf2) 28... c5 29. f5 exf5 ({But not} 29... gxf5 30. Qe2 Kg7 31. g6 $14 (31. Qxh5 Rh8 $17 {[%mdl 64] Skewer, Deflection})) ({Not} 29... cxd4 30. fxg6 fxg6 31. Qg1 $15) 30. Nf4 $2 {[%emt 0:02:25] [#]} (30. e6 c4 31. Nf4 cxb3 32. cxb3) 30... cxd4 $19 31. e6 (31. Qf2 {was called for.}) 31... Nc5 32. exf7+ Kxf7 33. Nxh5 (33. Nd3 $142 Ne4+ 34. Ke2) 33... Ne4+ 34. Ke1 gxh5 35. Rxf5+ Kg6 {[%emt 0:00:25] Black mates.} 36. Rf4 Rbe8 37. Ra1 Ng3+ {[%emt 0:00:45] An entertaining game by Khotenashvili.   Weighted Error Value: White=1.07/Black=0.07 (flawless)} 0-1